Map: Вечная империя РВ

Players

Bibizyan - Winner!

  • Race: Protoss Protoss
  • Spawn Location: 7:00

control

  • Race: Terran Terran
  • League: Master
  • Spawn Location: 1:00

VOD

Have the link to the VOD?

Description

Time

  • Played on: April 17, 2020, 2:09 p.m.
  • Length: 10:12
Show
View Real Time Build Order
Export as new Build Order

Bibizyan Protoss - Winner!

Build Orders: 1 Gate Expand, Blink Stalkers 

Get SALT Encoding   

  12  0:00  Probe  
  13  0:12  Probe  
  14  0:17  Pylon  
  14  0:24  Probe (Chrono Boost)  
  16  0:36  Gateway  
  16  0:37  Probe (Chrono Boost)  
  16  0:42  Probe (Chrono Boost)  
  16  0:46  Assimilator  
  17  0:51  Probe  
  18  1:03  Probe  
  19  1:15  Probe  
  20  1:23  Cybernetics Core  
  20  1:32  Nexus  
  20  1:35  Probe  
  21  1:42  Pylon  
  21  1:47  Probe  
  21  1:52  Assimilator  
  22  1:57  Adept (Chrono Boost)  
  22  1:59  Probe  
  25  2:09  Warp Gate  
  25  2:11  Probe  
  26  2:23  Probe (Chrono Boost)  
  26  2:24  Stalker  
  29  2:35  Twilight Council, Probe (Chrono Boost)  
  29  2:41  Probe (Chrono Boost)  
  30  2:44  Probe (Chrono Boost)  
  32  2:55  Sentry  
  32  2:56  Probe x2 (Chrono Boost)  
  35  3:01  Probe (Chrono Boost)  
  35  3:02  Probe (Chrono Boost)  
  37  3:12  Probe  
  38  3:14  Probe  
  38  3:17  Blink (Chrono Boost)  
  38  3:19  Gateway  
  39  3:21  Gateway  
  39  3:26  Probe  
  38  3:41  Probe x2  
  39  3:48  Robotics Facility  
  40  3:50  Pylon  
  40  3:51  Pylon  
  40  3:53  Probe x2  
  42  3:59  Stalker  
  44  4:09  Nexus  
  44  4:13  Pylon  
  44  4:16  Sentry  
  44  4:17  Stalker  
  48  4:18  Probe  
  48  4:19  Probe  
  48  4:23  Assimilator  
  50  4:27  Assimilator  
  50  4:30  Probe, Forge  
  51  4:35  Probe  
  51  4:37  Observer (Chrono Boost)  
  53  4:43  Probe  
  54  4:46  Pylon  
  53  5:07  Probe x2  
  54  5:15  Stalker  
  54  5:16  Stalker x2  
  54  5:19  Probe  
  61  5:28  Protoss Ground Weapons Level 1 (Chrono Boost)  
  62  5:35  Probe (Chrono Boost)  
  62  5:37  Robotics Bay  
  62  5:38  Probe (Chrono Boost)  
  62  5:39  Probe (Chrono Boost)  
  63  5:46  Probe (Chrono Boost)  
  63  5:47  Probe (Chrono Boost)  
  66  5:50  Probe (Chrono Boost), Gateway x2  
  66  5:51  Probe (Chrono Boost)  
  66  5:52  Probe (Chrono Boost), Gateway  
  66  5:56  Pylon  
  68  5:59  Probe  
  68  6:01  Probe  
  70  6:04  Probe, Photon Cannon  
  70  6:05  Charge (Chrono Boost)  
  70  6:11  Probe  
  72  6:14  Pylon  
  72  6:16  Probe x2  
  74  6:21  Colossus (Chrono Boost)  
  80  6:27  Extended Thermal Lance  
  80  6:32  Forge  
  80  6:35  Pylon  
  80  6:40  Probe x3  
  83  6:48  Stalker x2  
  83  6:51  Pylon  
  87  6:55  Probe  
  87  6:58  Assimilator  
  89  7:02  Assimilator  
  89  7:04  Colossus (Chrono Boost)  
  89  7:05  Protoss Ground Armor Level 1 (Chrono Boost), Gateway  
  89  7:06  Gateway  
  89  7:07  Gateway  
  94  7:15  Sentry x2  
  98  7:16  Probe  
  99  7:23  Nexus  
  99  7:24  Probe x2  
  99  7:28  Probe, Protoss Ground Weapons Level 2 (Chrono Boost)  
  102  7:40  Pylon  
  102  7:46  Zealot x3  
  102  7:49  Stalker  
  102  7:51  Colossus  
  110  7:54  Stalker  
  110  7:56  Stalker  
  120  8:00  Stalker  
  120  8:02  Sentry, Pylon  
  124  8:09  Zealot  
  126  8:15  Stalker x3  
  126  8:16  Stalker  
  116  8:21  Zealot x2  
  116  8:23  Probe x2  
  110  8:33  Zealot x3  
  116  8:43  Warp Prism (Chrono Boost)  
  118  8:49  Probe x3  
  118  8:52  Zealot x3  
  127  8:59  Gateway  
  127  9:03  Zealot  
  127  9:04  Zealot x3  
  127  9:05  Gateway  
  127  9:08  Colossus (Chrono Boost)  
  141  9:21  Templar Archives  
  141  9:35  Stalker x3  
  141  9:36  Stalker x3  
  153  9:53  Zealot  
  153  9:57  Pylon  
  153  10:00  Zealot  
  153  10:05  Zealot  
  153  10:06  Zealot x2  
  155  10:09  Pylon  
Show
View Real Time Build Order
Export as new Build Order

control Terran 

Build Orders: Gas First Reaper Expand 

Get SALT Encoding   

  12  0:00  SCV  
  13  0:12  SCV  
  14  0:17  Supply Depot  
  14  0:24  SCV  
  14  0:27  Refinery  
  15  0:38  SCV  
  16  0:44  Barracks  
  16  0:50  SCV  
  17  1:02  SCV  
  18  1:15  SCV  
  19  1:31  Reaper, Orbital Command  
  20  1:46  Command Center  
  20  1:57  SCV  
  21  2:02  Factory  
  21  2:06  Barracks Reactor  
  21  2:09  SCV  
  21  2:12  Refinery  
  22  2:20  Supply Depot  
  22  2:21  SCV  
  23  2:42  SCV  
  23  2:43  Marine  
  23  2:44  Marine  
  25  2:46  Widow Mine  
  25  2:48  Starport  
  28  2:54  SCV  
  28  2:58  Orbital Command  
  29  3:01  Marine x2  
  31  3:07  Widow Mine  
  31  3:12  SCV  
  34  3:20  Marine x2  
  34  3:25  Orbital Command  
  36  3:29  Medivac  
  37  3:42  Widow Mine  
  37  3:44  Marine x2  
  41  3:55  Supply Depot  
  41  3:57  SCV x2  
  41  3:59  Bunker  
  41  4:02  Starport Tech Lab  
  43  4:03  Factory Tech Lab  
  43  4:09  SCV x2  
  45  4:10  Marine  
  45  4:14  Refinery  
  45  4:16  Marine  
  47  4:17  Supply Depot  
  47  4:26  Raven  
  47  4:29  Siege Tank  
  52  4:32  Barracks  
  52  4:35  Marine x2, Barracks  
  54  4:39  SCV x2  
  56  4:46  Engineering Bay  
  56  4:51  SCV  
  53  5:07  Marine  
  53  5:08  Marine  
  53  5:11  SCV x2  
  53  5:13  Terran Infantry Weapons Level 1  
  57  5:18  Supply Depot  
  57  5:20  Starport Reactor  
  57  5:29  SCV x2  
  57  5:30  Command Center  
  57  5:38  Stimpack, Marine x2  
  57  5:41  Combat Shield  
  59  5:47  SCV x2  
  61  5:55  Widow Mine  
  61  5:56  Marauder  
  61  5:57  Marauder  
  67  6:04  Supply Depot  
  67  6:05  SCV x2, Supply Depot  
  69  6:17  SCV  
  70  6:26  SCV, Medivac x2, Marauder x2, Marine x2  
  70  6:32  Supply Depot  
  81  6:34  Supply Depot  
  81  6:36  Widow Mine  
  81  6:37  SCV  
  81  6:38  SCV  
  85  6:40  Supply Depot  
  85  6:41  Supply Depot  
  85  6:46  Orbital Command  
  85  6:51  Marauder x2, Marine x2  
  85  6:53  Missile Turret  
  91  7:00  Concussive Shells  
  91  7:04  Orbital Command  
  91  7:07  Widow Mine, Terran Infantry Armor Level 1  
  91  7:08  Widow Mine  
  97  7:09  Marine x2  
  97  7:10  Liberator  
  100  7:16  SCV x2  
  100  7:19  Refinery  
  104  7:30  Marauder x2, Marine x2  
  104  7:31  Widow Mine x2  
  104  7:36  SCV  
  113  7:41  SCV x2  
  115  7:47  Marine  
  115  7:48  SCV, Marine  
  115  7:51  Marine x2  
  69  8:27  Marine  
  69  8:28  Marauder, Marine x2  
  69  8:31  SCV x3  
  74  8:36  Engineering Bay  
  74  8:38  Armory  
  72  8:45  Factory Reactor, Marine x2  
  72  8:46  Medivac x2, Marauder  
  78  8:49  Marauder  
  78  8:51  Barracks  
  78  8:52  Refinery x2, Fusion Core, Starport  
  78  8:53  Barracks x2  
  78  8:54  Missile Turret  
  80  8:57  SCV x2  
  80  9:00  SCV  
  77  9:03  Marine x2  
  77  9:07  Marauder  
  77  9:09  SCV  
  82  9:11  Marauder  
  82  9:16  Viking x2  
  88  9:18  SCV  
  88  9:21  Marine  
  89  9:31  Marauder, Marine  
  86  9:35  Widow Mine  
  86  9:36  Marauder, Widow Mine  
  86  9:37  Starport Reactor  
  91  9:43  Barracks Reactor  
  91  9:44  Barracks Reactor, Barracks Tech Lab  
Tags
 
Add a new tag
Caveats
  • Supply blocks, unpowered buildings, or Contaminate may cause inaccurate times.
  • Supply counts are checked every 10 seconds.